 Dungeon Crawl Stone Soup version 0.31-a0-1-g4198be8af4 (webtiles) character file.

Game seed: 15298418777169354550

10537 bmack86 the Cleaver (level 11, -4/100 HPs)
             Began as a Minotaur Fighter on May 2, 2023.
             Was an Elder of Okawaru.
             Killed from afar by an efreet (24 damage)
             ... with a bolt of fire
             ... on level 10 of the Dungeon.
             The game lasted 00:24:44 (8449 turns).

bmack86 the Cleaver (Minotaur Fighter)              Turns: 8449, Time: 00:24:46

Health: -4/100     AC: 20    Str: 26    XL:     11   Next: 37%
Magic:  11/13      EV: 20    Int:  5    God:    Okawaru [****..]
Gold:   568        SH: 17    Dex:  9    Spells: 10/10 levels left

rFire   . . .        b - +1 broad axe
rCold   . . .        z - +0 kite shield
rNeg    . . .        H - +0 chain mail
rPois   .            (helmet restricted)
rElec   .            k - +0 cloak
rCorr   .            u - +1 pair of gloves
SInv    .            s - +1 pair of boots
Will    .....        c - amulet of reflection Stlth
                     v - +5 ring of evasion
HPRegen 0.36/turn    B - +5 ring of evasion
MPRegen 0.13/turn

%: reflection
@: about to teleport, heroic
A: horns 2, retaliatory headbutt
a: Renounce Religion, Heroism, Finesse


You were on level 10 of the Dungeon.
You worshipped Okawaru.
Okawaru was greatly pleased with you.
You visited 2 branches of the dungeon, and saw 11 of its levels.
You also visited: Sewer.

You collected 568 gold pieces.

Inventory:

Hand Weapons
 a - a +1 war axe
 b - a +1 broad axe (weapon)
 y - a +0 war axe
Missiles
 e - 4 silver javelins
 l - 63 poisoned darts (quivered)
 q - 11 boomerangs
 J - a silver boomerang
 K - 2 javelins
Armour
 k - a +0 cloak (worn)
 s - a +1 pair of boots (worn)
 u - a +1 pair of gloves (worn)
 z - a +0 kite shield (worn)
 H - a +0 chain mail (worn)
Jewellery
 c - an amulet of reflection (around neck)
 o - a ring of fire
 r - a ring of see invisible
 v - a +5 ring of evasion (left hand)
 x - an amulet of magic regeneration
 B - a +5 ring of evasion (right hand)
 D - an amulet of the acrobat
 I - a +6 ring of strength
 L - an amulet of faith
Wands
 h - a wand of polymorph (18)
 t - a wand of paralysis (3)
 F - a wand of acid (8)
Scrolls
 i - 7 scrolls of identify
 m - a scroll of amnesia
 n - 3 scrolls of fear
 w - 2 scrolls of magic mapping
 G - 2 scrolls of fog
Potions
 d - 3 potions of might
 f - a potion of haste
 g - 3 potions of brilliance
 j - 2 potions of resistance
 p - 2 potions of ambrosia
 A - 6 potions of curing
 C - a potion of flight


   Skills:
 + Level 10.2(15.2) Fighting
 * Level 13.5(18.5) Axes
 + Level 5.7(10.7) Throwing
 + Level 10.2(15.2) Armour
 + Level 10.2(15.2) Shields
 + Level 4.0 Invocations


You had 10 spell levels left.
You didn't know any spells.
Your spell library contained the following spells:

 Spells                   Type           Power      Damage    Failure   Level
 Beastly Appendage        Tmut           0%         N/A       94%         1
 Foxfire                  Conj/Fire      0%         2x1d4     94%         1
 Sandblast                Erth           0%         2d4       94%         1
 Passwall                 Tmut/Erth      0%         N/A       98%         2
 Wereblood                Tmut           0%         N/A       98%         2
 Spider Form              Tmut/Pois      0%         N/A       100%        3
 Stone Arrow              Conj/Erth      0%         3d7       100%        3
 Fireball                 Conj/Fire      0%         3d3       100%        5
 Plasma Beam              Fire/Air       0%         2x1d11    100%        6
 Starburst                Conj/Fire      0%         6d3       100%        6


Dungeon Overview and Level Annotations

Branches:
Dungeon (10/15)            Temple (1/1) D:4             Orc (0/2) D:9
  Sewer (visited)
   Lair: D:8-11

Altars:
Ashenzari
Cheibriados
Dithmenos
Elyvilon
Fedhas
Gozag
Hepliaklqana
Kikubaaqudgha
Makhleb
Nemelex Xobeh
Okawaru
Qazlal
Ru
Sif Muna
Trog
Uskayaw
Vehumet
Wu Jian
Xom
Yredelemnul
Zin
The Shining One


Innate Abilities, Weirdness & Mutations

You have a pair of horns on your head.
You reflexively headbutt those who attack you in melee.


Message History

You hit the fire elemental.
The fire elemental is moderately damaged.
You slash the efreet! The fire elemental closely misses you.
You block the efreet's attack. You block the fire elemental's attack.
You slice the fire elemental!!
The fire elemental is almost destroyed.
You hit the efreet but do no damage.
The efreet hits you with the +7 great mace "Firestarter" {flame, immolate, rFlCloud rF++}!
* * * LOW HITPOINT WARNING * * *
The efreet burns you.
* * * LOW HITPOINT WARNING * * *
You block the fire elemental's attack.
You feel much better. The fire elemental barely misses you.
The efreet gestures at you.
The fireball explodes!
The fireball engulfs you but does no damage.
The fireball engulfs the fire elemental.
The fire elemental completely resists.
The fireball engulfs the efreet.
The efreet completely resists.
You completely miss the fire elemental.
The fire elemental is almost destroyed.
You barely miss the efreet. The fire elemental hits you.
The fire elemental burns you!
* * * LOW HITPOINT WARNING * * *
The efreet gestures at you.
The fireball explodes!
The fireball engulfs you!
* * * LOW HITPOINT WARNING * * *
The fireball engulfs the fire elemental.
The fire elemental completely resists.
The fireball engulfs the efreet.
The efreet completely resists.
As you read the scroll of teleportation, it crumbles to dust.
You feel strangely unstable. The fire elemental closely misses you.
You block the efreet's attack.
You feel much better. You block the fire elemental's attack.
A fire elemental comes into view.
The fire elemental hits you. The fire elemental burns you!
* * * LOW HITPOINT WARNING * * *
The efreet gestures at you. The bolt of fire hits you!!
You die... .......<. )#. ..#..#.#### ... .(# #.# ..##.## #.# ..(.## E..## bb#

###R# #.@E#
###########.###
#...........#
#.###########
#.# #.# # #.# #
#.# # #.#


You could see an efreet, 2 fire elementals and 2 fire bats.

Vanquished Creatures
  A two-headed ogre (D:8)
  A gargoyle (D:10)
  Maggie (D:8)
  Grinder (D:6)
  A hornet (D:10)
  A shadow (D:9)
  Sigmund (D:5)
  A wyvern (D:9)
  21 yaks
  A fire elemental (D:10)
  2 acid dragons (D:10)
  3 water moccasins
  2 ice beasts
  A black bear (D:6)
  2 orc warriors (D:9)
  3 ogres
  4 centaurs
  7 kobold brigands
  3 bullfrogs
  A gnoll sergeant (D:9)
  A scorpion (D:6)
  13 wights
  10 orc priests
  3 hounds (D:6)
  A jelly (D:8)
  Jessica (D:2)
  An iguana (D:5)
  9 orc wizards
  Robin (D:4)
  4 gnolls (D:9)
  7 adders
  4 river rats
  7 worms
  A dart slug (D:1)
  39 orcs
  10 endoplasms
  9 giant cockroaches
  19 goblins
  9 hobgoblins
  8 jackals (D:1)
  11 kobolds
  3 quokkas
  13 ball pythons
  6 bats
  3 frilled lizards
  10 rats
261 creatures vanquished.

Vanquished Creatures (others)
  A smoke demon (D:10)
  9 fungi (D:7)
10 creatures vanquished.

Grand Total: 271 creatures vanquished

Notes
Turn   | Place    | Note
-------+----------+-------------------------------------------
     0 | D:1      | bmack86 the Minotaur Fighter began the quest for the Orb.
     0 | D:1      | Reached XP level 1. HP: 19/19 MP: 0/0
   158 | D:1      | Reached XP level 2. HP: 27/27 MP: 1/1
   197 | D:1      | Reached skill level 3 in Axes
   410 | D:1      | Reached XP level 3. HP: 32/33 MP: 2/2
   837 | D:2      | Reached skill level 1 in Throwing
  1160 | D:2      | Noticed Jessica
  1165 | D:2      | Killed Jessica
  1166 | D:2      | Reached XP level 4. HP: 38/40 MP: 3/3
  1740 | D:3      | Reached skill level 4 in Axes
  1742 | D:3      | Reached XP level 5. HP: 37/47 MP: 4/4
  2507 | D:4      | Noticed an ogre
  2514 | D:4      | Killed an ogre
  2526 | D:4      | Reached XP level 6. HP: 35/53 MP: 5/5
  2549 | D:4      | Identified the +2 helmet "Zeyrgh" {rN+++ Str-3 Int+4}
  2549 | D:4      | Noticed Robin
  2568 | D:4      | Killed Robin
  2628 | D:4      | Found a staircase to the Ecumenical Temple.
  2639 | Temple   | Entered the Ecumenical Temple
  2798 | D:4      | Found an opulent altar of Gozag.
  2860 | D:4      | Reached skill level 5 in Axes
  3294 | D:5      | Entered Level 5 of the Dungeon
  3332 | D:5      | Found a shadowy altar of Dithmenos.
  3350 | D:5      | Found a basalt altar of Yredelemnul.
  3397 | D:5      | Found an ornate altar of the Wu Jian Council.
  3495 | D:5      | Reached skill level 5 in Fighting
  3495 | D:5      | Reached skill level 5 in Armour
  3495 | D:5      | Reached skill level 5 in Shields
  3633 | D:5      | Found a glowing drain.
  3640 | Sewer    | Entered a sewer
  3759 | Sewer    | Reached XP level 7. HP: 61/61 MP: 6/6
  3889 | Sewer    | Reached skill level 6 in Axes
  4273 | D:5      | Reached XP level 8. HP: 67/70 MP: 7/7
  4393 | D:5      | Noticed Sigmund
  4403 | D:5      | Killed Sigmund
  4404 | D:5      | Reached skill level 7 in Axes
  4769 | D:5      | Found a snail-covered altar of Cheibriados.
  4769 | D:5      | Found an iron altar of Okawaru.
  4775 | D:5      | Became a worshipper of Warmaster Okawaru
  5042 | D:6      | Reached skill level 11 in Axes
  5042 | D:6      | Reached XP level 9. HP: 82/82 MP: 8/8
  5082 | D:6      | Reached skill level 1 in Invocations
  5102 | D:6      | Reached * piety under Okawaru
  5311 | D:6      | Reached skill level 12 in Axes
  5328 | D:6      | Noticed Grinder
  5331 | D:6      | Paralysed by Grinder for 4 turns
  5354 | D:6      | Paralysed by Grinder for 3 turns
  5357 | D:6      | Killed Grinder
  5531 | D:7      | Found a shimmering blue altar of Sif Muna.
  5625 | D:7      | Found a hazy altar of Hepliaklqana.
  5631 | D:7      | Reached ** piety under Okawaru
  5634 | D:7      | Reached XP level 10. HP: 78/91 MP: 10/10
  6176 | D:8      | You fall into a shaft and drop 2 floors!
  6176 | D:10     | Entered Level 10 of the Dungeon
  6280 | D:9      | Found a sparkling altar of Nemelex Xobeh.
  6506 | D:8      | Reached *** piety under Okawaru
  6762 | D:8      | Found a broken altar of Ashenzari.
  6780 | D:8      | Noticed a two-headed ogre
  6789 | D:8      | Killed a two-headed ogre
  6790 | D:8      | Reached skill level 5 in Throwing
  6891 | D:8      | Reached **** piety under Okawaru
  6934 | D:8      | Noticed Maggie
  6947 | D:8      | Killed Maggie
  6947 | D:8      | Received a gift from Okawaru
  7018 | D:8      | Noticed a cacodemon
  7019 | D:8      | Found a burning altar of Makhleb.
  7024 | D:8      | Found a glowing silver altar of Zin.
  7025 | D:8      | Noticed an angel
  7157 | D:9      | Reached skill level 13 in Axes
  7159 | D:9      | Reached XP level 11. HP: 79/99 MP: 12/12
  7334 | D:9      | Received a gift from Okawaru
  7341 | D:9      | Reached skill level 10 in Fighting
  7341 | D:9      | Reached skill level 10 in Armour
  7341 | D:9      | Reached skill level 10 in Shields
  7896 | D:9      | Found a staircase to the Orcish Mines.
  8449 | D:10     | Killed from afar by an efreet

Illustrated notes

Levels and vault maps discovered:
D:1:      lemuel_arrival_river_passageway, layout_loops_ring, minmay_distorted
D:2:      cheibrodos_helix_gallery, layout_loops_corners,
          chequers_hall_statues_corner_a, minivault_23, uniq_jessica
D:3:      layout_loops_ring
D:4:      layout_rooms, marbit_many_paths, minmay_temple_entry_poolview,
          uniq_robin
D:5:      layout_basic, nzn_wu_jian_contemplation,
          gammafunk_temple_overflow_wave,
          mainiacjoe_overflow_concentric_impassable,
          grunt_dithmenos_smoke_and_mirrors, gup_sewer_entry_bubbles,
          uniq_sigmund
D:6:      layout_rooms, uniq_grinder
D:7:      layout_rooms, mainiacjoe_overflow_alcove_4,
          mainiacjoe_overflow_six_doors_small, minmay_door_square
D:8:      layout_rooms, grunt_temple_overflow_order_and_chaos_2,
          nicolae_ashenzari_skybound, grunt_decor_arrowhead,
          minmay_splitting_lines, uniq_maggie
D:9:      layout_basic, nemelex_altar_shiori, orc_0_dummy
D:10:     minmay_firetagon, layout_loops_ring
Temple:   zaba_magenta_temple

Skill      XL: |  1  2  3  4  5  6  7  8  9 10 11 |
---------------+----------------------------------+-----
Axes           | 3 4 5 6 11 12 13 | 13.5
Armour         | 4 5 8 9 10 | 10.2
Fighting       | 4 5 8 9 10 | 10.2
Throwing       | 1 2 3 4 5 |  5.7
Shields        | 4 5 8 9 10 | 10.2
Invocations    | 1 3 4 |  4.0

Action                     |  1- 3 |  4- 6 |  7- 9 | 10-12 || total
---------------------------+-------+-------+-------+-------++-------
  Melee: War axe           |    73 |   123 |    87 |       ||   283
         Headbutt          |    13 |    17 |    22 |    37 ||    89
         Broad axe         |       |       |    54 |   194 ||   248
  Throw: Javelin           |     1 |       |       |       ||     1
         Boomerang         |       |     8 |     2 |     9 ||    19
         Dart              |       |       |       |    40 ||    40
 Invoke: Heroism           |       |       |       |     4 ||     4
    Use: Scroll            |     5 |    13 |     6 |     5 ||    29
         Potion            |       |       |     2 |     2 ||     4
 Armour: Scale mail        |    54 |    41 |     8 |       ||   103
         Chain mail        |       |       |    10 |    36 ||    46
  Dodge: Dodged            |    53 |    89 |    85 |    85 ||   312
  Block: Buckler           |    20 |    10 |       |       ||    30
         Kite shield       |       |    32 |    81 |   148 ||   261
         Reflection        |       |       |     4 |     6 ||    10

Table legend: (Time is in decaauts)
 A = Elapsed time spent in this place.
 B = Non-inter-level travel time spent in this place.
 C = Inter-level travel time spent in this place.
 D = Time resting spent in this place.
 E = Time spent auto-exploring this place.
 F = Levels seen in this place.
 G = Mean time per level.
                   A        B        C        D        E       F      G
               +--------+--------+--------+--------+--------+-----+--------+
         Total |   8748 |   8535 |    213 |     37 |   5595 |  12 |  729.0 |
       Dungeon |   7916 |   7703 |    213 |     37 |   5176 |  10 |  791.6 |
        Temple |     71 |     71 |      0 |      0 |      0 |   1 |   71.0 |
         Sewer |    761 |    761 |      0 |      0 |    419 |   1 |  761.0 |
               +--------+--------+--------+--------+--------+-----+--------+

Top non-repeatable levels by time:
     D:9: 1234 daAuts
     D:5: 1119 daAuts
     D:2: 911 daAuts
     D:1: 831 daAuts
     D:3: 778 daAuts
     D:4: 770 daAuts
   Sewer: 761 daAuts
     D:8: 712 daAuts
     D:7: 650 daAuts
     D:6: 591 daAuts
    D:10: 315 daAuts
  Temple: 71 daAuts
